 Dungeon Crawl Stone Soup version 0.24-a0-521-g122614bf49 (webtiles) character file.

Game seed: 6018058858632161104

63 Mithandil the Conjurer (level 3, 0/19 HPs)
             Began as a Deep Elf Conjurer on July 29, 2019.
             Slain by a goblin
             ... wielding a +0 club
              (2 damage)
             ... on level 2 of the Dungeon.
             The game lasted 00:07:45 (1238 turns).

Mithandil the Conjurer (Deep Elf Conjurer)          Turns: 1238, Time: 00:07:46

Health: 0/19       AC:  2    Str:  6    XL:     3   Next: 87%
Magic:  1/10       EV: 12    Int: 19    God:
Gold:   8          SH:  6    Dex: 15    Spells: 7/10 levels left

rFire    . . .     SeeInvis .   b - +0 dagger
rCold    . . .     Gourm    .   j - +2 buckler {rPois}
rNeg     . . .     Faith    .   h - +0 robe
rPois    +         Spirit   .   (no helmet)
rElec    .         Reflect  .   (no cloak)
rCorr    .         Harm     .   (no gloves)
MR       .....                  (no boots)
Stlth    ++........             (no amulet)
HPRegen  0.06/turn              (no ring)
MPRegen  0.12/turn              (no ring)

@: very slightly contaminated
A: no striking features
a: no special abilities


You were on level 2 of the Dungeon.
You were not hungry.

You visited 1 branch of the dungeon, and saw 2 of its levels.

You collected 8 gold pieces.

Inventory:

Hand Weapons
 a - a +0 short sword
 b - a +0 dagger (weapon)
Missiles
 e - 55 stones (quivered)
 i - 42 arrows
Armour
 h - a +0 robe (worn)
 j - a +2 buckler of poison resistance (worn)
Scrolls
 d - a scroll of fog {unknown}
 k - a scroll of enchant weapon {unknown}
 m - a scroll of teleportation {unknown}
Potions
 f - a potion of mutation {unknown}
 l - a potion of haste {unknown}
Comestibles
 c - 5 rations
 g - 8 chunks of flesh


   Skills:
 + Level 2.9 Dodging
 + Level 3.2 Stealth
 * Level 0.5 Shields
 * Level 4.0 Spellcasting
 * Level 4.9 Conjurations


You had 7 spell levels left.
You knew the following spells:

 Your Spells              Type           Power        Failure   Level  Hunger
a - Magic Dart            Conj           ###.         2%          1    None
b - Searing Ray           Conj           ###...       4%          2    ##.....

Your spell library contained the following spells:

 Spells                   Type           Power        Failure   Level  Hunger
 Dazzling Spray           Conj/Hex       ##....       22%         3    ###....
 Iskenderun's Mystic Bla  Conj           ###.....     28%         4    ####...
 Force Lance              Conj/Tloc      ##......     58%         4    ####...
 Fulminant Prism          Conj/Hex       ##........   58%         4    ####...


Dungeon Overview and Level Annotations

Branches:
Dungeon (2/15)

Altars:


Message History

You barely miss the gnoll.
The gnoll is moderately wounded.
You hit the gnoll but do no damage.
The gnoll is moderately wounded.
You block the gnoll's attack.
Casting: Magic Dart (safe; 2% risk of failure)
Confirm with . or Enter, or press ? or * to list all spells.
Aiming: Magic Dart (safe; 2% risk of failure)
Press: ? - help, Shift-Dir - straight line, f/p - gnoll
Aim: a gnoll, wielding a +0 flail and wearing a +0 plate armour (moderately wounded)
The magic dart hits the gnoll.
The gnoll is severely wounded.
The gnoll barely misses you.
You hit the gnoll but do no damage.
The gnoll is severely wounded.
You block the goblin's attack. You block the gnoll's attack.
You hit the gnoll but do no damage.
The gnoll is severely wounded.
The goblin hits you with a +0 club.
You die...

#.........#. ##.
#....##.. ##
#.......# ###)...####
#......# .. #.#....#
#.#.###)#..###
#.#.##).#g##
#...##.##@#
######......#g#####.
#....#.##..<.........
#....#.)...........##
#............####..#
#.....รท.##.### ..g
#....#.###.# .#
#....#.###.# .
####.#..##.#


You could see a gnoll and a goblin.

Vanquished Creatures
  3 gnolls (D:2)
  A dart slug (D:1)
  A leopard gecko (D:2)
  A bat (D:1)
  3 giant cockroaches (D:1)
  2 goblins (D:1)
  2 hobgoblins
  4 jackals (D:1)
  A frilled lizard (D:1)
  7 kobolds
  3 rats (D:1)
28 creatures vanquished.

Notes
Turn   | Place    | Note
-------+----------+-------------------------------------------
     0 | D:1      | Mithandil the Deep Elf Conjurer began the quest for the
                  | Orb.
     0 | D:1      | Reached XP level 1. HP: 10/10 MP: 6/6
   138 | D:1      | Reached XP level 2. HP: 1/15 MP: 0/8
   142 | D:1      | Learned a level 2 spell: Searing Ray
  1119 | D:2      | Reached XP level 3. HP: 19/19 MP: 5/10
  1238 | D:2      | Slain by a goblin

Levels and vault maps discovered:
D:1:      matt_arrival_diagonals, layout_basic, serial_bayou,
          serial_bayou_pond_d, serial_bayou_pond_d, serial_bayou_pond_b,
          serial_bayou_ford_a
D:2:      layout_rooms, first_ration, minmay_box_of_dots

Skill      XL: |  1  2  3 |
---------------+----------+-----
Stealth        | 3 |  3.2
Spellcasting   | 4 |  4.0
Dodging        | |  2.9
Shields        | |  0.5
Conjurations   | |  4.9

Action                   || total
-------------------------++-------
Melee: Hand axe          ||    34
       Dagger            ||    19
 Cast: Magic Dart        ||    49
       Searing Ray       ||     1
 Stab: Sleeping          ||     1
  Eat: Chunk             ||     1
Armor: Robe              ||     6
Dodge: Dodged            ||    51
Block: Buckler           ||     8

Table legend:
 A = Non-vault XP
 B = Vault XP
 C = Vault XP percentage of total XP
 D = Non-vault monster count
 E = Vault monster count
 F = Vault count percentage of total count
                 A         B        C        D         E       F
            +---------+---------+-------+---------+---------+-------
      Total |      84 |       6 |   6.7 |      24 |       4 |  14.3
            +---------+---------+-------+---------+---------+-------
        D:1 |      32 |       6 |  15.8 |      17 |       4 |  19.0
        D:2 |      52 |       0 |   0.0 |       7 |       0 |   0.0
            +---------+---------+-------+---------+---------+-------
